Map: Sanctuary III LE

Players

evilbrood - Winner!

  • Race: Zerg Zerg
  • League: Diamond

ZECTBynmo

  • Race: Zerg Zerg
  • League: Platinum

VOD

Have the link to the VOD?

Description

Time

  • Played on: Sept. 10, 2026, 11:41 p.m.
  • Length: 4:23
Show
View Real Time Build Order
Export as new Build Order

evilbrood Zerg - Winner!

Build Orders: Pool First 

Get SALT Encoding   

  8  0:00  Drone  
  9  0:11  Drone  
  10  0:16  Drone  
  11  0:22  Drone  
  12  0:31  Extractor, Drone  
  12  0:37  Extractor  
  12  0:39  Drone  
  13  0:56  Spawning Pool  
  12  1:05  Extractor, Drone  
  13  1:11  Overlord  
  13  1:30  Drone x3  
  16  1:43  Queen  
  18  1:54  Metabolic Boost  
  18  1:59  Overlord  
  18  2:03  Zergling x2  
  18  2:07  Zergling x2  
  20  2:14  Overlord  
  20  2:38  Hatchery  
  20  2:41  Zergling x2  
  20  2:45  Zergling x2  
  21  2:53  Zergling x4  
  21  2:56  Zergling x2  
  24  3:00  Zergling x2  
  24  3:04  Zergling x2  
  26  3:09  Zergling x2  
  27  3:17  Zergling x2  
  28  3:24  Zergling x2  
  28  3:25  Zergling x4  
  31  3:36  Zergling x2  
  32  3:42  Zergling x2  
Show
View Real Time Build Order
Export as new Build Order

ZECTBynmo Zerg 

Build Orders: Pool First 

Get SALT Encoding   

  8  0:01  Drone  
  9  0:16  Overlord  
  9  0:22  Drone  
  9  0:28  Drone  
  11  0:34  Drone  
  12  0:40  Drone  
  13  0:47  Drone  
  14  0:57  Drone  
  15  1:06  Drone  
  16  1:11  Spawning Pool  
  16  1:17  Drone  
  16  1:26  Drone  
  17  1:42  Hatchery  
  17  1:44  Drone  
  17  1:48  Extractor  
  17  1:51  Drone  
  17  1:57  Drone  
  18  2:07  Queen  
  20  2:31  Overlord  
  20  2:49  Drone x3, Roach Warren  
  22  2:57  Drone  
  23  2:59  Queen  
  23  3:04  Lair  
  25  3:11  Drone  
  25  3:12  Drone  
  27  3:22  Drone  
  27  3:23  Drone x3  
  27  3:26  Drone  
  32  3:31  Overlord  
  32  3:37  Extractor  
  31  3:42  Overlord  
  31  3:43  Drone  
  32  3:53  Roach  
  32  3:54  Roach x2  
  36  4:00  Spine Crawler  
Tags
 
Add a new tag
Caveats
  • Supply blocks, unpowered buildings, or Contaminate may cause inaccurate times.
  • Supply counts are checked every 10 seconds.